 Dungeon Crawl Stone Soup version 0.26-a0-651-gb41185065b (webtiles) character file.

Game seed: 1066036037745595653

12655 Ozzies the Fighter (level 11, -15/111 HPs)
             Began as a Deep Dwarf Fighter on Oct 6, 2020.
             Was an Elder of Makhleb.
             Demolished by a very large slime creature (56 damage)
             ... on level 12 of the Dungeon.
             The game lasted 00:21:09 (10448 turns).

Ozzies the Fighter (Deep Dwarf Fighter)            Turns: 10448, Time: 00:21:09

Health: -15/111    AC: 16    Str: 23    XL:     11   Next: 65%
Magic:  13/13 (4)  EV:  8    Int:  9    God:    Makhleb [****..]
Gold:   695        SH: 11    Dex: 12    Spells: 10/10 levels left

rFire    . . .     SeeInvis .   m - +5 morningstar
rCold    . . .     Faith    .   c - +0 kite shield
rNeg     . . .     Spirit   .   K - +0 plate armour
rPois    .         Reflect  .   h - +1 helmet
rElec    .         Harm     .   i - +0 cloak
rCorr    .         Rampage  .   (no gloves)
MR       +....                  (no boots)
Stlth    ..........             (no amulet)
HPRegen  0.00/turn              L - ring of stealth
MPRegen  0.13/turn              F - ring of magical power

@: non-regenerating
A: damage resistance, heal wounds, sense surroundings 2, no regeneration
a: Heal Wounds, Minor Destruction, Lesser Servant of Makhleb, Major Destruction,
Renounce Religion


You were on level 12 of the Dungeon.
You worshipped Makhleb.
Makhleb was greatly pleased with you.
You visited 2 branches of the dungeon, and saw 13 of its levels.
You also visited: Sewer.

You collected 695 gold pieces.

Inventory:

Hand Weapons
 a - a +0 war axe
 m - a +5 morningstar (weapon)
Missiles
 f - 206 stones (quivered)
 A - 32 sling bullets
 H - 6 throwing nets {!f}
Armour
 b - a +0 scale mail
 c - a +0 kite shield (worn)
 h - a +1 helmet (worn)
 i - a +0 cloak (worn)
 j - a +0 tower shield
 K - a +0 plate armour (worn)
Jewellery
 q - a +6 ring of intelligence
 y - an uncursed ring of positive energy
 F - a ring of magical power (right hand)
 L - a ring of stealth (left hand)
Wands
 E - a wand of acid (6)
 M - a wand of iceblast (11)
Scrolls
 e - 7 scrolls of identify {@r1}
 l - 2 scrolls of enchant weapon {unknown}
 n - 3 scrolls of teleportation
 o - 5 scrolls of immolation {unknown}
 r - 4 scrolls of remove curse {@r2}
 t - 3 scrolls of magic mapping {unknown}
 u - 3 scrolls of fog {unknown}
 v - 2 scrolls of enchant armour {unknown}
 C - 2 scrolls of blinking {unknown}
 G - 2 scrolls of fear {unknown}
 I - 2 scrolls of noise {unknown}
Potions
 d - a potion of might {@q3 !q}
 g - a potion of lignification {@q6}
 k - a potion of invisibility
 p - a potion of flight
 s - 2 potions of haste {@q4 !q}
 w - 2 potions of stabbing
 x - 3 potions of magic
 z - 2 potions of mutation {unknown}
 B - 3 potions of curing {unknown}
 D - 2 potions of berserk rage {unknown}
 J - 2 potions of resistance {unknown}


   Skills:
 + Level 11.1 Fighting
 + Level 8.6 Axes
 + Level 7.3 Armour
 - Level 6.0 Dodging
 + Level 7.3 Shields
 - Level 10.0 Invocations


You had 10 spell levels left.
You didn't know any spells.
Your spell library contained the following spells:

 Spells                   Type           Power        Failure   Level
 Foxfire                  Conj/Fire      #...         100%        1
 Conjure Flame            Conj/Fire      #.......     100%        3
 Inner Flame              Hex/Fire       #.......     100%        3
 Sticky Flame             Conj/Fire      #.......     100%        4
 Fireball                 Conj/Fire      #.........   100%        5


Dungeon Overview and Level Annotations

Branches:
Dungeon (12/15)            Temple (1/1) D:4           Sewer (visited)
   Lair: D:8-11         Orc: D:9-12

Altars:
Ashenzari
Cheibriados
Dithmenos
Elyvilon
Fedhas
Gozag
Hepliaklqana
Kikubaaqudgha
Makhleb
Nemelex Xobeh
Okawaru
Qazlal
Ru
Sif Muna
Trog
Uskayaw
Vehumet
Wu Jian
Xom
Yredelemnul
Zin
The Shining One

Annotations:
D:2 exclusion: oklob plant
D:6 exclusion: downstairs
D:8 1 runed translucent door
D:9 exclusion: 2 downstairs
D:10 Josephine


Innate Abilities, Weirdness & Mutations

You are resistant to damage.
You can heal yourself by infusing magical energy.
You passively map the area around you.
You do not regenerate.


Message History

Done exploring.
Done exploring.
No target in view!
No target in view!
No target in view!
No target in view!
Search for what [Enter for "brand", or ? for help]? .
(D) Dungeon (T) Temple
Where to? (Enter - D:10, ? - help)
There is a stone staircase leading down here.
You climb downwards.
There is a stone staircase leading up here.
Found a stone staircase leading down.
There is a stone staircase leading up here.
Found a stone staircase leading down.
There is a stone staircase leading down here.
Found a trident.
No target in view!
No target in view!
No target in view!
No target in view!
No target in view!
No target in view!
No target in view!
No target in view!
No target in view! 2 slime creatures come into view.
The slime creature quivers. x2
There are monsters nearby! 3 slime creatures come into view.
The slime creature quivers. x3
You block the slime creature's attack.
You barely miss the slime creature.
You block the slime creature's attack. x2
The slime creature hits you but does no damage.
You hit the slime creature.
The slime creature is lightly wounded.
You block the slime creature's attack.
The slime creature hits you but does no damage.
Your shield prevents you from hitting the slime creature.
You block the slime creature's attack. The slime creature barely misses you.
Two slime creatures merge to form a large slime creature.
You block the slime creature's attack.
You puncture the large slime creature!
The large slime creature is lightly wounded.
Two slime creatures merge to form a very large slime creature.
You sock the very large slime creature!
The very large slime creature is lightly wounded.
The slime creature hits you but does no damage.
You hit the very large slime creature.
The very large slime creature is lightly wounded.
The slime creature hits you but does no damage.
You block the slime creature's attack.
You bludgeon the very large slime creature!!
The very large slime creature is moderately wounded.
The slime creature completely misses you.
You block the very large slime creature's attack.
The slime creature hits you but does no damage.
The slime creature barely misses you.
Your shield and plate armour prevent you from hitting the very large slime creature.
The very large slime creature is moderately wounded.
The very large slime creature completely misses you.
The slime creature hits you!
The slime creature hits you but does no damage.
The very large slime creature hits you!
You barely miss the very large slime creature.
The very large slime creature is moderately wounded.
The slime creature jiggles.
The slime creature misses you. The slime creature barely misses you.
You block the very large slime creature's attack.
The slime creature hits you!
You impale the very large slime creature!!
The very large slime creature is moderately wounded.
The slime creature barely misses you.
The very large slime creature closely misses you.
You block the slime creature's attack. The slime creature closely misses you.
The very large slime creature hits you!!!
* * * LOW HITPOINT WARNING * * *
You hear a shout! x3
You are too injured to fight recklessly!
You are too injured to fight recklessly!
You are too injured to fight recklessly!
You are too injured to fight recklessly!
You are too injured to fight recklessly!
You are too injured to fight recklessly!
You are too injured to fight recklessly!
You are too injured to fight recklessly!
You are too injured to fight recklessly!
You are too injured to fight recklessly!
You are too injured to fight recklessly!
You are too injured to fight recklessly!
You are too injured to fight recklessly!
You are too injured to fight recklessly!
You are too injured to fight recklessly!
You are too injured to fight recklessly!
You are too injured to fight recklessly!
You feel much better. You block the slime creature's attack.
The slime creature closely misses you.
The very large slime creature hits you!!!
Ouch! That really hurt!
You die...

,* ## ** ##* *######.
... , ... ,......., , ,
#.# #.# ....... * * *
#.# #.# ....... #.# #.#
.......* #.# #.# .......
#.########.#####J......
* *
#........>.....@J.)....
,,
##<########.#####J#####.
...# #.# *.# * ##.# #.#
.# * #.# #.# .#
#.########.#####.# * , *
#.....>..........., , ,
, #.########.######. < ,
, #.# #.# ,, , , ,*


You could see a very large slime creature and 2 slime creatures.

Vanquished Creatures
  7 death yaks
  A skeletal warrior (D:10)
  Pikel (D:6)
  An ugly thing (D:11)
  A cyclops (D:11)
  A wyvern (D:10)
  10 yaks (D:11)
  2 orc warriors
  4 sky beasts
  An ice beast (D:8)
  2 phantoms
  5 ogres
  6 centaurs
  A crocodile (Sewer)
  6 bullfrogs
  A gnoll sergeant (D:7)
  A water moccasin skeleton (D:5)
  3 scorpions
  8 killer bees
  14 wights
  2 howler monkeys
  A centaur zombie (D:5)
  A lava snake (D:7)
  A bullfrog zombie (D:5)
  A jelly (D:6)
  2 bullfrog skeletons
  6 hounds
  2 orc priests
  A centaur skeleton (D:4)
  An iron imp (D:7)
  10 worker ants
  5 iguanas
  11 orc wizards
  A hound zombie (D:8)
  A hound skeleton (D:7)
  A worker ant zombie (D:8)
  9 adders
  18 gnolls
  A shadow imp (D:8)
  2 white imps
  4 ufetubi
  2 adder skeletons (D:5)
  3 worms
  A dart slug (D:1)
  4 leopard geckos
  36 orcs
  5 ball pythons
  11 giant cockroaches
  9 goblins
  5 hobgoblins
  10 jackals
  7 quokkas
  16 bats
  3 frilled lizards
  11 kobolds
  A leopard gecko skeleton (D:5)
  5 rats
286 creatures vanquished.

Vanquished Creatures (collateral kills)
  A black bear (D:10)
  A scorpion (D:10)
  A killer bee (D:10)
3 creatures vanquished.

Vanquished Creatures (others)
  A plant (D:2)
  12 toadstools (D:2)
13 creatures vanquished.

Grand Total: 302 creatures vanquished

Notes
Turn   | Place    | Note
-------+----------+-------------------------------------------
     0 | D:1      | Ozzies the Deep Dwarf Fighter began the quest for the Orb.
     0 | D:1      | Reached XP level 1. HP: 20/20 MP: 1/1
    62 | D:1      | Reached XP level 2. HP: 27/27 MP: 2/2
    95 | D:1      | Reached skill level 3 in Fighting
   301 | D:1      | Reached XP level 3. HP: 27/34 MP: 3/3
   349 | D:1      | Reached skill level 1 in Dodging
   788 | D:2      | Found an opulent altar of Gozag.
   857 | D:2      | Found a blossoming altar of Fedhas.
   869 | D:2      | Noticed an oklob plant
  1272 | D:2      | Noticed a centaur
  1288 | D:2      | Killed a centaur
  1288 | D:2      | Reached XP level 4. HP: 40/44 MP: 4/4
  1584 | D:3      | Reached XP level 5. HP: 38/50 MP: 5/5
  1962 | D:3      | Reached skill level 4 in Fighting
  2278 | D:4      | Reached XP level 6. HP: 39/58 MP: 6/6
  2313 | D:4      | Found a staircase to the Ecumenical Temple.
  2320 | Temple   | Entered the Ecumenical Temple
  2495 | Temple   | Became a worshipper of Makhleb the Destroyer
  2790 | D:4      | Reached skill level 5 in Fighting
  3113 | D:4      | Reached XP level 7. HP: 53/67 MP: 7/7
  3652 | D:5      | Entered Level 5 of the Dungeon
  3711 | D:5      | Reached skill level 6 in Fighting
  3711 | D:5      | Reached skill level 5 in Axes
  3844 | D:5      | Reached * piety under Makhleb
  4014 | D:5      | Found a shimmering altar of Xom.
  4020 | D:5      | Reached skill level 7 in Fighting
  4020 | D:5      | Reached XP level 8. HP: 38/80 MP: 8/8
  4179 | D:5      | Found a hazy altar of Hepliaklqana.
  4263 | D:5      | Reached skill level 8 in Fighting
  4559 | D:6      | Found a bloodstained altar of Trog.
  4699 | D:6      | Reached ** piety under Makhleb
  4816 | D:6      | Found a shimmering blue altar of Sif Muna.
  4904 | D:6      | Reached skill level 9 in Fighting
  4924 | D:6      | Found a glowing drain.
  4936 | Sewer    | Entered a sewer
  5182 | D:6      | Noticed Pikel
  5199 | D:6      | Killed Pikel
  5199 | D:6      | Reached skill level 10 in Fighting
  5199 | D:6      | Reached skill level 1 in Invocations
  5199 | D:6      | Gained mutation: You passively map the area around you.
                  | [Deep Dwarf growth]
  5199 | D:6      | Reached XP level 9. HP: 45/93 MP: 9/9
  5709 | D:7      | Noticed a white ugly thing
  6185 | D:7      | Found a snail-covered altar of Cheibriados.
  6189 | D:7      | Reached *** piety under Makhleb
  6931 | D:8      | Found a radiant altar of Vehumet.
  6990 | D:8      | Reached skill level 5 in Shields
  7081 | D:7      | Reached skill level 5 in Invocations
  7098 | D:7      | Reached skill level 5 in Armour
  7169 | D:8      | Reached XP level 10. HP: 85/102 MP: 12/12
  7465 | D:8      | Noticed an angel
  7468 | D:8      | Found a runed translucent door.
  7468 | D:8      | Found a glowing silver altar of Zin.
  8967 | D:10     | Entered Level 10 of the Dungeon
  8977 | D:10     | Noticed a death yak
  8980 | D:10     | Noticed a skeletal warrior
  8981 | D:10     | Noticed a death yak
  8983 | D:10     | Noticed a skeletal warrior
  8983 | D:10     | Noticed a skeletal warrior
  8989 | D:10     | Noticed a skeletal warrior
  8990 | D:10     | Noticed a death yak
  8990 | D:10     | Noticed a death yak
  8990 | D:10     | Noticed a skeletal warrior
  8991 | D:10     | Noticed a death yak
  8991 | D:10     | Noticed a death yak
  9001 | D:10     | Noticed a death yak
  9018 | D:10     | Killed a skeletal warrior
  9036 | D:10     | Killed a death yak
  9046 | D:10     | HP: 5/103 [skeletal warrior/+2 war axe of freezing (3)]
  9055 | D:10     | Noticed Josephine
  9077 | D:9      | Killed a death yak
  9123 | D:10     | Noticed a death yak
  9139 | D:9      | Reached skill level 5 in Dodging
  9226 | D:10     | Killed a death yak
  9234 | D:10     | Reached **** piety under Makhleb
  9286 | D:9      | Killed a death yak
  9286 | D:9      | Reached XP level 11. HP: 76/110 MP: 7/7
  9324 | D:9      | Killed a death yak
  9332 | D:9      | Killed a death yak
  9333 | D:9      | HP: 2/110 [death yak (16)]
  9346 | D:9      | HP: 2/110 [death yak (17)]
  9354 | D:9      | Killed a death yak
  9576 | D:11     | Noticed a white ugly thing
  9597 | D:11     | Killed a white ugly thing
  9597 | D:11     | Reached skill level 11 in Fighting
  9814 | D:11     | Reached skill level 10 in Invocations
 10448 | D:12     | Demolished by a very large slime creature

Illustrated notes

Levels and vault maps discovered:
D:1:      minmay_arrival_radiant_lines, layout_basic
D:2:      layout_basic, grunt_gozag_breadcrumbs, tgw_fedhas,
          serial_bayou_crossing
D:3:      minmay_chambers_of_threes, layout_loops_ring, st_stairs_14
D:4:      minmay_recursive_quarters, layout_layer_cave,
          minmay_temple_entry_ruins, hex_large
D:5:      minmay_thinvault, layout_rooms, kennysheep_mini,
          chequers_decorated_corner, brannock_xom_greatest_gift
D:6:      layout_cave_pods, lightli_temple_of_fire, led_sif_pool,
          cheibrodos_sewer_entry_bend, uniq_pikel
D:7:      lemuel_ice_spiral_2, layout_basic, slow_altar_1, kennysheep_potato
D:8:      layout_cave_pools, fiery_altar_vehumet, lemuel_angel_altar
D:9:      layout_stronghold
D:10:     layout_cross, dpeg_lair_monsters, uniq_josephine
D:11:     layout_stronghold
D:12:     layout_small_grid, orc_0_dummy, jiyva_altar_1
Temple:   regret_index_temple_generic_petals

Skill      XL: |  1  2  3  4  5  6  7  8  9 10 11 |
---------------+----------------------------------+-----
Fighting       | 3 4 5 7 10 11 | 11.1
Dodging        | 1 2 3 5 6 |  6.0
Axes           | 3 4 5 6 7 8 |  8.6
Shields        | 4 5 6 7 |  7.3
Armour         | 4 5 6 7 |  7.3
Invocations    | 1 5 8 10 | 10.0

Action                   |  1- 3 |  4- 6 |  7- 9 | 10-12 || total
-------------------------+-------+-------+-------+-------++-------
Melee: War axe           |   116 |    17 |       |       ||   133
       Morningstar       |       |   126 |   390 |   385 ||   901
Invok: Lesser Servant of |       |       |       |     5 ||     5
 Abil: Heal Wounds       |     2 |     4 |    10 |    50 ||    66
  Use: Scroll            |       |       |     9 |     2 ||    11
       Potion            |       |       |       |     3 ||     3
 Stab: Invisible         |       |       |       |     1 ||     1
Armor: Scale mail        |    60 |    78 |   194 |    15 ||   347
       Ring mail         |       |       |    25 |       ||    25
       Plate armour      |       |       |       |   299 ||   299
Dodge: Dodged            |    41 |    75 |   188 |   213 ||   517
Block: Kite shield       |    77 |    72 |   289 |   365 ||   803

Table legend: (Time is in decaauts)
 A = Elapsed time spent in this place.
 B = Non-inter-level travel time spent in this place.
 C = Inter-level travel time spent in this place.
 D = Time resting spent in this place.
 E = Time spent auto-exploring this place.
 F = Levels seen in this place.
 G = Mean time per level.
                   A        B        C        D        E       F      G
               +--------+--------+--------+--------+--------+-----+--------+
         Total |  10879 |   9958 |    921 |    248 |   6981 |  14 |  777.1 |
       Dungeon |  10460 |   9579 |    881 |    248 |   6704 |  12 |  871.7 |
        Temple |    216 |    177 |     39 |      0 |    173 |   1 |  216.0 |
         Sewer |    202 |    202 |      0 |      0 |    104 |   1 |  202.0 |
               +--------+--------+--------+--------+--------+-----+--------+

Top non-repeatable levels by time:
     D:7: 1751 daAuts
     D:4: 1202 daAuts
    D:11: 1064 daAuts
     D:6: 1054 daAuts
     D:9: 1051 daAuts
     D:2: 932 daAuts
     D:5: 870 daAuts
     D:3: 831 daAuts
     D:8: 792 daAuts
     D:1: 598 daAuts
    D:10: 269 daAuts
  Temple: 216 daAuts
   Sewer: 202 daAuts
    D:12: 40 daAuts
